 Dungeon Crawl Stone Soup version 0.22.1-1-ga44c0e56f4 (webtiles) character file.

110 Cykl0x the Sneak (level 4, 0/34 HPs)
             Began as a Demonspawn Assassin on Nov 8, 2018.
             Succumbed to an adder's poison
             ... on level 2 of the Dungeon.
             The game lasted 00:04:14 (1373 turns).

Cykl0x the Sneak (Demonspawn Assassin)              Turns: 1373, Time: 00:04:15

Health: 0/34       AC:  4    Str: 11    XL:     4   Next: 61%
Magic:  4/4        EV: 11    Int: 12    God:
Gold:   76         SH:  0    Dex: 16    Spells: 3/3 levels left

rFire    . . .     SeeInvis .   a - +2 dagger
rCold    . . .     Gourm    .   (no shield)
rNeg     + . .     Faith    .   h - +0 leather armour
rPois    .         Spirit   .   (no helmet)
rElec    .         Reflect  .   d - +0 cloak
rCorr    .         Harm     .   (no gloves)
MR       .....                  (no boots)
Stlth    ++........             (no amulet)
HPRegen  0.11/turn              k - ring of positive energy
MPRegen  0.09/turn              l - ring of wizardry

@: lethally poisoned (0 -> -4)
A: hooves 2, rot immunity
a: no special abilities


You were on level 2 of the Dungeon.
You were hungry.

You visited 1 branch of the dungeon, and saw 2 of its levels.

You collected 76 gold pieces.

Inventory:

Hand Weapons
 a - a +2 dagger (weapon)
 b - a +0 blowgun
 m - a cursed -1 short sword
Missiles
 e - 8 poisoned needles
 f - 2 curare-tipped needles
Armour
 c - a +0 robe
 d - a +0 cloak (worn)
 h - a +0 leather armour (worn)
Jewellery
 k - a ring of positive energy (left hand)
 l - a ring of wizardry (right hand)
Scrolls
 o - a scroll of fog {unknown}
Potions
 i - a potion of ambrosia {unknown}
Comestibles
 g - 3 rations


   Skills:
 + Level 2.5 Fighting
 + Level 2.4 Short Blades
 + Level 2.0 Throwing
 + Level 1.2 Armour
 + Level 1.3 Dodging
 + Level 4.6 Stealth


You had 3 spell levels left.
You didn't know any spells.
Your spell library was empty.

Dungeon Overview and Level Annotations

Branches:
Dungeon (2/15)

Altars:


Innate Abilities, Weirdness & Mutations

You have hoof-like feet.
You are immune to rotting.


Message History

* * * LOW HITPOINT WARNING * * *
You feel sick. The adder barely misses you.
You hit the adder. Your kick misses the adder.
The adder is severely wounded.
The adder bites you.
* * * LOW HITPOINT WARNING * * *
You barely miss the adder.
The adder is severely wounded.
* * * LOW HITPOINT WARNING * * *
You feel sick. The adder closely misses you.
You hit the adder.
The adder is almost dead.
The adder closely misses you.
You hit the adder.
The adder is almost dead.
The adder bites you.
* * * LOW HITPOINT WARNING * * *
You hit the adder.
You kill the adder!
You die...

#......#.....# #
#.#####.###### #.#
#.# ##.#####.#
g..g(....#
##(#.##### #)#?#
#g#†##############
gg#)....>..)...@!#
.gg#.############.#
####.# #.# #.# #.#
..# #.# #.# #.# ..#
#.% ### ###


There were no monsters in sight!

Vanquished Creatures
  Terence (D:2)
  Robin (D:2)
  4 adders (D:2)
  3 dart slugs
  4 bats
  9 goblins
  3 hobgoblins
  4 kobolds
  A quokka (D:2)
  2 ball pythons (D:1)
  2 frilled lizards
  3 rats (D:2)
37 creatures vanquished.

Notes
Turn   | Place    | Note
-------+----------+-------------------------------------------
     0 | D:1      | Cykl0x the Demonspawn Assassin began the quest for the Orb.
     0 | D:1      | Reached XP level 1. HP: 16/16 MP: 1/1
   107 | D:1      | Reached skill level 4 in Stealth
   129 | D:1      | Gained mutation: You have large cloven feet. [demonic
                  | ancestry]
   129 | D:1      | Reached XP level 2. HP: 19/22 MP: 2/2
   708 | D:2      | Noticed Terence
   732 | D:2      | Killed Terence
   732 | D:2      | Reached skill level 1 in Dodging
   732 | D:2      | Gained mutation: You have hoof-like feet. [demonic
                  | ancestry]
   732 | D:2      | Reached XP level 3. HP: 6/27 MP: 3/3
  1088 | D:2      | Gained mutation: You are immune to rotting. [demonic
                  | ancestry]
  1088 | D:2      | Reached XP level 4. HP: 8/34 MP: 4/4
  1309 | D:2      | Noticed Robin
  1318 | D:2      | Killed Robin
  1344 | D:2      | Reached skill level 1 in Armour
  1372 | D:2      | HP: 1/34 [adder (3)]
  1373 | D:2      | Succumbed to an adder's poison

Skill      XL: |  1  2  3  4 |
---------------+-------------+-----
Stealth        | 4 |  4.6
Short Blades   | 2 |  2.4
Throwing       | 2 |  2.0
Dodging        | 1 |  1.3
Armour         | 1 |  1.2
Fighting       | |  2.5

Action                   |  1- 3 |  4- 6 || total
-------------------------+-------+-------++-------
Melee: Dagger            |    76 |    54 ||   130
       Kick              |    17 |    10 ||    27
  Use: Scroll            |     4 |       ||     4
       Potion            |       |     2 ||     2
 Stab: Sleeping          |     5 |       ||     5
  Eat: Chunk             |       |     1 ||     1
Armor: Leather armour    |    28 |    14 ||    42
       Robe              |     1 |       ||     1
Dodge: Dodged            |    47 |    17 ||    64
